Unix NetHack Version 5.0.0-0 post-release - last build May 23 2026 06:08:33 (1c0ff79ee797540d5714e4e18072db0edd9e58ae,branch:main).

Game began 2026-05-14 14:13:04, ended 2026-05-26 15:42:42.

DrabEmordnilap, neutral female gnomish Cavewoman

                               ------------
                               |....a..)@%@A          a  @
                             ---a..----@---    B   A   @
                             |.f..--....@.   A
                        ------...--......&          A     @
            -----      |..a....a.|....@w..W            A
             ...|      |.a.--------.xAS3@S.                              a
    D---------.@--   ----.--       -.1.@@N@
   @ |.......|..%-- --%&@D@.      -----|-----                       D a
   A |.......|....---..a@A..      -.D.@@Sa@@-       &    A        @   @
     |.@._...[..@..a%...@...    |A.DA.OAa@D...|    A A@A@           @      A
     |..@....|.A.@---........   |@@----a---- .|      @@A      @    a
     |.....A.|..A-- --.......   | @ @  . xa D |        @       A       A
   @ ---------A.--   --------          ..                      A@          B
             ...|                 A  a.@@                           @     A
            -----                @    ..da
                                  A   a..
                                     -----
                                     @@      @

DrabEmordnilap the Wayfarer  St:18/10 Dx:15 Co:16 In:8 Wi:14 Ch:9  Neutral
Astral Plane $:2  HP:116(164) Pw:74(74) AC:-37 Xp:17/686366 T:33554  Blind

Latest messages:
 A cobra suddenly appears close by!
 A lieutenant suddenly appears close by!
 A yellow dragon suddenly appears close by!
 A black dragon suddenly appears close by!
 A sergeant suddenly appears close by!
 A sergeant suddenly appears close by!
 A xan suddenly appears next to you!
 A purple worm suddenly appears close by!
 A pit viper suddenly appears close by!
 A Nazgul suddenly appears close by!
 Pick a monster, object or location.
 You hear some noises in the distance.
 Pick a monster, object or location.
 You hear Eve the Champion reading a scroll of create monster.
 An ogre lady suddenly appears close by!
 Crash!
 The priest of Moloch shrieks in pain!
 You hear an elf-lord reading a scroll of teleportation.
 You hear a chugging sound.
 The elf-lord becomes an Elvenking.
 You hear a chugging sound.
 The elf-lord becomes an Elvenking.
 You hear a chugging sound.
 The priest of Moloch casts a spell!
 What do you want to sacrifice? [C or ?*] <esc>
 Never mind.
 Pick a monster, object or location.
 Talk to whom? (in what direction) 8
 The high priestess of Ishtar gives you two bits for an ale.
 What do you want to sacrifice? [C or ?*] <esc>
 Never mind.
 You try to feel what is lying here on the altar.
 There is a high altar to Ishtar (neutral) here.
 You feel no objects here.
 You hear a masticating sound.
 Death moves the yellow dragon out of the way!
 You hear Eve the Champion reading a scroll of teleportation.
 What do you want to sacrifice? [C or ?*] ?
 What do you want to sacrifice? [C or ?*] C
 You offer the Amulet of Yendor to Ishtar...
 An invisible choir sings, and you are bathed in radiance...
 The voice of Ishtar rings out: "Mortal, thou hast done well!"
 "In return for thy service, I grant thee the gift of Immortality!"
 You ascend to the status of Demigoddess...
 Do you want your possessions identified? [ynq] (y) y
 Do you want to see your attributes? [ynq] (y) y
 Do you want an account of creatures vanquished? [ynaq] (y) y
 Do you want a list of species genocided? [ynaq] (y) y
 Do you want to see your conduct and achievements? [ynq] (y) y
 Do you want to see the dungeon overview? [ynq] (y) y

Inventory:
 Coins    ('$')
  $ - 2 gold pieces
 Weapons  (')')
  D - the blessed rustproof +7 Sceptre of Might (weapon in right hand)
 Armor    ('[')
  V - an uncursed rustproof +3 helm of telepathy (being worn)
  I - a blessed greased rustproof +4 pair of gauntlets of power
  b - a blessed fireproof +4 pair of speed boots (being worn)
  O - an uncursed +4 shield of reflection (being worn)
  B - a cursed fireproof +3 cloak of protection (being worn)
  J - a blessed +4 Hawaiian shirt with a ukulele motif (being worn)
  u - a blessed rotproof +4 gray dragon scale mail (being worn)
 Spellbooks  ('+')
  x - the uncursed Book of the Dead
 Potions  ('!')
  q - an uncursed potion of full healing
 Rings    ('=')
  e - an uncursed ring of free action (on left hand)
  E - an uncursed +3 ring of protection
  i - an uncursed ring of regeneration (on right hand)
 Wands    ('/')
  w - a wand of striking (0:4)
  A - a wand of teleportation (0:7)
  M - a wand of teleportation (0:5)
  K - a wand of teleportation (0:4)
  R - a wand of teleportation (0:4)
  y - a wand of teleportation (0:2)
  r - a wand of teleportation (0:1)
  H - a wand of teleportation (0:0)
 Tools    ('(')
  v - a blessed bag of holding containing 82 items
  G - the Bell of Opening (1:3)
  m - the uncursed Candelabrum of Invocation (0 of 7 candles attached)
  Q - an expensive camera (0:83)
  S - an expensive camera (0:76)
  c - a blessed magic lamp (lit)
  s - an uncursed stethoscope
  a - a blessed +0 unicorn horn
 Gems/Stones  ('*')
  P - a blessed luckstone

Contents of the bag of holding:
  an uncursed amulet of flying
  an uncursed amulet of guarding
  an uncursed amulet of magical breathing
  the blessed rustproof +6 Vorpal Blade
  6 uncursed K-rations
  2 cursed lembas wafers
  an uncursed sprig of wolfsbane
  a blessed tin of dried cockatrice meat
  an uncursed lizard corpse
  3 uncursed lizard corpses
  a blessed scroll of blank paper
  an uncursed scroll of blank paper
  4 blessed scrolls of charging
  an uncursed scroll of charging
  an uncursed scroll of earth
  a cursed scroll of enchant armor
  an uncursed scroll of genocide
  a blessed scroll of gold detection
  a cursed scroll of gold detection
  a blessed scroll of identify
  2 uncursed scrolls of identify
  a blessed scroll of magic mapping
  3 uncursed scrolls of magic mapping
  a blessed scroll of remove curse
  2 uncursed scrolls of remove curse
  an uncursed scroll of taming
  6 uncursed scrolls of teleportation
  a cursed scroll of teleportation
  a blessed potion of booze
  an uncursed potion of confusion
  2 blessed potions of extra healing
  an uncursed potion of gain level
  a cursed potion of gain level
  an uncursed potion of healing
  2 blessed potions of object detection
  22 potions of holy water
  a potion of unholy water
  an uncursed ring of conflict
  an uncursed ring of levitation
  an uncursed ring of levitation
  an uncursed ring of protection from shape changers
  an uncursed ring of slow digestion
  an uncursed ring of sustain ability
  an uncursed ring of teleport control
  an uncursed ring of teleport control
  an uncursed ring of teleportation
  a wand of cold (0:5)
  a wand of cold (0:4)
  a wand of digging (0:8)
  a wand of digging (0:7)
  a wand of digging (0:6)
  a wand of digging (0:6)
  a wand of digging (1:5)
  a wand of digging (0:5)
  a wand of digging (0:4)
  a wand of digging (0:4)
  a cursed wand of digging (0:4)
  a wand of enlightenment (0:8)
  a wand of fire (0:8)
  a wand of lightning (0:6)
  a blessed wand of magic missile (0:4)
  a wand of magic missile (0:8)
  a wand of magic missile (0:5)
  a wand of magic missile (0:5)
  a wand of magic missile (0:4)
  a wand of magic missile (0:4)
  a wand of magic missile (0:3)
  a wand of opening (2:4)
  a wand of polymorph (0:1)
  a wand of secret door detection (0:5)
  a wand of sleep (0:6)
  a wand of stasis (0:6)
  a wand of striking (0:6)
  an empty uncursed oilskin sack
  an uncursed blindfold
  a blessed +0 pick-axe
  a cursed skeleton key
  a +0 unicorn horn
  an uncursed ruby
  an uncursed worthless piece of black glass
  an uncursed worthless piece of blue glass
  an uncursed worthless piece of green glass

DrabEmordnilap the Cavewoman's attributes:

Background:
 You were a Wayfarer, a level 17 gnomish Cavewoman.
 You were neutral, on a mission for Ishtar
 who was opposed by Anu (lawful) and Anshar (chaotic).
 You were right-handed.
 You were in the endgame, on the Astral Plane.
 You entered the dungeon 33554 turns ago.
 You had 686366 experience points, 593634 more were needed to attain level 18.

Basics:
 You had 116 out of 164 hit points.
 You had all 74 energy points (spell power).
 Your armor class was -37.
 Your wallet contained 2 zorkmids.
 Autopickup was off.

Final Characteristics:
 Your strength was 18/10 (peak:18/11, limit:18/50).
 Your dexterity was 15 (limit:18).
 Your constitution was 16 (peak:18, limit:18).
 Your intelligence was 8 (limit:19).
 Your wisdom was 14 (limit:18).
 Your charisma was 9 (limit:18).

Final Status:
 You were temporarily blind.
 You weren't hungry.
 You were unencumbered.
 You were wielding a mace.
 You had expert skill with mace.

Final Attributes:
 You were piously aligned.
 You were magic-protected.
 You were fire resistant.
 You were cold resistant.
 You were sleep resistant.
 You were disintegration resistant.
 You were shock resistant.
 You were poison resistant.
 You were telepathic.
 You were warned.
 You had infravision.
 You caused conflict.
 You regenerated.
 You had a moderate defense bonus (+9).
 You were protected.
 You were very fast.
 You had reflection.
 You had free action.
 You were extremely lucky.
 You had extra luck.
 Good luck did not time out for you.
 You survived after being killed twice.

Miscellaneous:
 You encountered 1 bones level.
 Total elapsed playing time was 13 hours, 27 minutes and 46 seconds.

Major events:
 Turn
    1: DrabEmordnilap the neutral gnomish Cavewoman entered the dungeon
 1294: entered the Gnomish Mines
 1378: attained the rank of Aborigine (level 3)
 2020: reached Mine Town
 2356: attained the rank of Wanderer (level 6)
 3383: was bestowed with Vorpal Blade by Ishtar
 5395: acquired the Mines' End luckstone
 8019: entered Sokoban
 8204: completed 1st Sokoban level
 8449: attained the rank of Vagrant (level 10)
 8496: completed 2nd Sokoban level
 8750: completed 3rd Sokoban level
 9289: completed 4th Sokoban level
10256: acquired the Sokoban bag of holding
13186: made her first wish - "+2 greased blessed fixed gray dragon scale mail", got "a greased gray dragon scale mail"
13272: wished for "+2 blessed greased fixed speed boots", got "a greased pair of combat boots"
19282: killed Medusa
19633: was bestowed with Werebane by Ishtar
20969: attained the rank of Wayfarer (level 14)
21676: wished for "2 blessed scrolls of charging", got "2 scrolls labeled THARR"
22057: entered Gehennom
23891: entered Home 1, the Quest
24086: Shaman Karnov has granted access to proceed deeper into the quest
24279: entered Home 2, the Quest
24373: entered Home 3, the Quest
24640: entered Home 4, the Quest
24854: entered Home 5, the Quest
25014: entered Home 6, the Quest
25053: found the Sceptre of Might on the floor
25069: killed the Chromatic Dragon
25070: acquired the Bell of Opening
25652: performed her first genocide (class h)
26053: bribed Asmodeus with 258 zorkmids for safe passage
26476: killed Juiblex
27360: killed Orcus
28143: genocided class L
28427: wished for "blessed greased fixed +3 gauntlets of power", got "a greased pair of padded gloves"
29867: destroyed Vlad the Impaler
29869: acquired the Candelabrum of Invocation
30434: averted death (petrified by a cockatrice corpse)
30570: killed the Wizard of Yendor
30571: acquired the Book of the Dead
30681: performed the invocation
30824: killed the Wizard of Yendor (2nd time)
30852: killed the high priest of Moloch
30854: acquired The Amulet of Yendor
30854: wished for "blessed amulet of life saving", got "an amulet of life saving"
31619: killed Baalzebub
32360: killed the Wizard of Yendor (3rd time)
32711: entered the Elemental Planes
32711: entered Plane of Earth
33154: entered Plane of Air
33304: entered Plane of Fire
33330: entered Plane of Water
33458: entered the Astral Plane
33473: killed Death
33529: averted death (killed by Famine)
33554: ascended

Spells:
 Name                 Level Category     Fail Retention
 slow monster           2   enchantment  100%    1%-25%
 dig                    5   matter       100%  76%-100%

Skills:
 Fighting Skills
   bare handed combat [Basic]
 Weapon Skills
   dagger             [Unskilled]
   knife              [Unskilled]
   axe                [Unskilled]
   pick-axe           [Unskilled]
   long sword         [Basic]
   saber              [Unskilled]
   club               [Basic]
   mace               [Expert]
   morning star       [Unskilled]
   flail              [Unskilled]
   hammer             [Unskilled]
   quarterstaff       [Unskilled]
   polearms           [Unskilled]
   spear              [Unskilled]
   trident            [Unskilled]
   bow                [Unskilled]
   sling              [Basic]
   boomerang          [Unskilled]
   unicorn horn       [Unskilled]
 Spellcasting Skills
   attack spells      [Unskilled]
   matter spells      [Unskilled]

Voluntary challenges:
 Character rerolling was not enabled.
 You genocided 11 types of monsters.
 You never changed form.
 You used 5 wishes.
 You did not wish for any artifacts.
 You did not violate any of the special Sokoban rules.
Achievements:
 You entered the Gnomish Mines.
 You attained the rank of Aborigine.
 You entered Minetown.
 You attained the rank of Wanderer.
 You completed the Gnomish Mines.
 You entered Sokoban.
 You attained the rank of Vagrant.
 You completed Sokoban.
 You entered a shop.
 You defeated Medusa.
 You attained the rank of Wayfarer.
 You entered Gehennom.
 You entered a temple.
 You had the Bell of Opening.
 You had the Candelabrum of Invocation.
 You had the Book of the Dead.
 You gained access to Moloch's Sanctum.
 You reached the Elemental Planes.
 You reached the Astral Plane.
 You delivered the Amulet of Yendor.
 You ascended!

 The Elemental Planes:
    Astral Plane: <- You are here.
       Some temples and some altars.
    Plane of Water:
    Plane of Fire:
    Plane of Air:
    Plane of Earth:
 The Dungeons of Doom: levels 1 to 29
    Level 1:
       A fountain.
       One way stairs up to The Elemental Planes.
    Level 2:
       A fountain.
    Level 3:
    Level 4:
       A fountain, a grave.
       Stairs down to The Gnomish Mines.
    Level 5: "stash"
       An altar to Ishtar, a fountain.
    Level 6:
       Many fountains.
    Level 7:
       A general store, a fountain.
       Stairs up to Sokoban, level 6.
    Level 8:
       A general store, a fountain.
    Level 9:
       A vegetarian food shop.
    Level 10:
    Level 11:
       Some fountains, a grave.
    Level 12:
       A fountain.
    Level 13:
       An armor shop, some fountains, a sink.
       Portal to The Quest.
    Level 14:
       A fountain.
    Level 15:
       Some fountains.
    Level 16:
       Some fountains.
    Level 17:
       A primitive area.
    Level 18: "stash"
       Some altars, a grave.
    Level 19:
       A fountain.
    Level 20:
       Many graves.
    Level 21:
       Some fountains, a sink.
    Level 22:
       A fountain.
    Level 23:
       An altar to Ishtar.
    Level 24:
       A fountain.
    Level 25:
    Level 26:
    Level 27:
    Level 28:
    Level 29:
       A throne, a fountain.
       Connection to Gehennom.
 Gehennom: levels 30 to 51
    Level 30:
       A temple and an altar, many graves.
       Valley of the Dead.
    Level 31:
    Level 32:
    Level 33:
    Level 34:
    Level 35:
    Level 36:
       Some fountains.
    Level 37:
    Level 38:
       Stairs up to Vlad's Tower, level 37.
    Level 39:
    Level 40:
    Level 41:
       Some shops, an altar.
    Level 42:
    Level 43:
    Level 44:
    Level 45:
    Level 46:
    Level 47: "tower?"
    Level 48:
    Level 49: "tower?"
    Level 50:
    Level 51:
       A temple and an altar, many graves.
       Moloch's Sanctum.
 The Gnomish Mines: levels 5 to 13
    Level 5:
    Level 6:
    Level 7:
    Level 8:
       An altar to Ishtar, a grave.
       Final resting place for
          levoittiel-Cav-Dwa-Fem-Law, killed by a snake.
    Level 9:
    Level 10:
    Level 11:
    Level 12:
    Level 13:
 The Quest: levels 1 to 6
    Level 1:
       A temple and an altar to Ishtar.
       Completed quest for Shaman Karnov.
    Level 2:
    Level 3:
    Level 4:
    Level 5:
    Level 6:
 Sokoban: levels 6 up to 3
    Level 3:
       Solved.
    Level 4:
       Solved.
    Level 5:
       Solved.
    Level 6:
       Solved.
 Vlad's Tower: levels 37 up to 35
    Level 35:
       A throne.
    Level 36:
    Level 37:


Vanquished creatures:
    Baalzebub
    Orcus
 an erinys
    Juiblex
the Wizard of Yendor (4 times)
    Death
    Vlad the Impaler
  4 arch-liches
  a high cleric
  2 mastodons
    Medusa
  2 krakens
  6 iron golems
  3 master liches
  2 storm giants
  2 titans
  2 balrogs
the Chromatic Dragon
  5 purple worms
  a gold dragon
  4 silver dragons
  7 red dragons
  a white dragon
  3 orange dragons
  3 black dragons
  3 blue dragons
  3 green dragons
  3 yellow dragons
 21 minotaurs
  5 jabberwocks
  4 baluchitheria
  3 Angels
  4 demiliches
 10 stone golems
  4 master mind flayers
  5 Olog-hai
  7 pit fiends
  2 sandestins
  7 hell hounds
  3 displacer beasts
  4 titanotheres
  7 trappers
  5 baby red dragons
  2 baby orange dragons
  a baby blue dragon
  5 genetic engineers
  a disenchanter
 21 vampire leaders
  3 skeletons
  4 aligned clerics
  5 captains
  6 shades
  7 liches
  4 clay golems
  5 nurses
  7 ice devils
  3 nalfeshnees
  4 lurkers above
  2 Aleaxes
  2 frost giants
  2 ettins
  2 golden nagas
  a black pudding
 13 vampires
  8 lieutenants
 35 ghosts
  3 queen bees
  3 winged gargoyles
  3 giant mimics
  3 long worms
  6 zruties
  9 fire giants
  6 ogre tyrants
 13 rock trolls
  4 umber hulks
  6 flesh golems
  6 elven monarchs
  a doppelganger
 11 hezrous
  7 bone devils
  3 large mimics
  4 wumpuses
  6 fire vortices
  a couatl
  7 stalkers
 15 air elementals
  3 fire elementals
 24 earth elementals
  9 water elementals
 19 hill giants
  4 giant mummies
  4 black nagas
  9 xorns
 19 giant zombies
  8 elf-nobles
 20 sergeants
  9 barbed devils
 12 vrocks
  8 salamanders
  5 wargs
  a winter wolf
  6 hell hound pups
  8 small mimics
  5 warhorses
 11 steam vortices
 13 xans
  4 ettin mummies
  4 ogre leaders
  9 quantum mechanics
 14 trolls
  a sasquatch
  4 wood golems
  7 mariliths
  2 djinn
  3 sharks
  8 electric eels
  3 gelatinous cubes
  8 pyrolisks
  3 large dogs
  3 freezing spheres
  5 flaming spheres
  9 shocking spheres
  2 large cats
  4 tigers
  5 gargoyles
  2 dwarf rulers
  5 tengu
  7 ochre jellies
 11 leocrottas
  4 energy vortices
  5 mountain centaurs
  4 stone giants
  2 elf mummies
  a human mummy
  6 red nagas
  a green slime
  a python
  6 pit vipers
  3 cobras
 54 wraiths
  5 carnivorous apes
 13 ettin zombies
  2 leather golems
  6 Grey-elves
 59 soldiers
  6 amorous demons
 10 horned devils
  5 chameleons
  4 crocodiles
 38 giant beetles
  7 quivering blobs
 11 cockatrices
 10 wolves
  5 winter wolf cubs
  3 lynxes
  3 panthers
  8 gremlins
 52 leprechauns
  7 orc-captains
  3 iron piercers
  a mumak
 12 giant spiders
  9 scorpions
  7 horses
  4 ice vortices
  8 black lights
 11 vampire bats
  2 forest centaurs
  a gnome ruler
  4 orc mummies
  3 dwarf mummies
  4 ogres
  6 brown puddings
 10 rust monsters
  6 owlbears
  7 yetis
  a gold golem
  a werewolf
  2 Green-elves
  4 piranha
  7 giant eels
 16 lizards
 11 chickatrices
  3 dingoes
  3 dogs
  7 jaguars
  5 dwarf leaders
  5 blue jellies
  5 white unicorns
  2 black unicorns
  7 dust vortices
  3 ravens
  5 plains centaurs
  a gnome mummy
  7 snakes
  5 apes
 15 human zombies
  4 rope golems
 17 Woodland-elves
 27 soldier ants
 30 fire ants
 57 bugbears
 an imp
  3 lemures
  5 quasits
  9 wood nymphs
  4 water nymphs
  5 Mordor orcs
  5 Uruk-hai
  9 orc shamans
  6 rock piercers
  6 rock moles
  7 ponies
  6 fog clouds
 13 yellow lights
  2 violet fungi
  3 gnome leaders
  a gnomish wizard
  a kobold mummy
  a black naga hatchling
  2 golden naga hatchlings
  3 gray oozes
  4 barrow wights
 19 elf zombies
  8 ghouls
  5 straw golems
  a paper golem
  5 jellyfish
 55 giant ants
  2 little dogs
 11 floating eyes
 11 dwarves
  6 homunculi
  a kobold leader
  2 kobold shamans
 46 hill orcs
 18 rothes
  2 rabid rats
  2 centipedes
  3 giant bats
  a Kop Sergeant
  a monkey
 21 orc zombies
 20 dwarf zombies
  a wererat
  4 werejackals
  4 iguanas
 79 killer bees
 an acid blob
  7 coyotes
  a gas spore
 15 hobbits
 12 manes
  2 large kobolds
 18 hobgoblins
  2 giant rats
  7 cave spiders
  2 brown molds
  4 yellow molds
  a green mold
  3 red molds
 12 gnomes
  3 garter snakes
 13 gnome zombies
  5 geckos
 10 jackals
  5 foxes
  2 kobolds
  5 goblins
  2 sewer rats
 13 grid bugs
  a bat
  6 lichens
 12 kobold zombies
 11 newts
2028 creatures vanquished.

Genocided species:
 arch-liches
 master liches
 demiliches
 master mind flayers
 liches
 mind flayers
 dwarf rulers
 dwarf leaders
 bugbears
 dwarves
 hobbits
11 species genocided.

Goodbye DrabEmordnilap the Demigoddess...

You went to your reward with 2286720 points,
The Candelabrum of Invocation (worth 5000 zorkmids and 12500 points)
Vorpal Blade (worth 4000 zorkmids and 10000 points)
The Book of the Dead (worth 10000 zorkmids and 25000 points)
The Sceptre of Might (worth 2500 zorkmids and 6250 points)
The Bell of Opening (worth 5000 zorkmids and 12500 points)
       3 worthless pieces of colored glass,
       1 ruby (worth 3500 zorkmids),
       1 amulet of magical breathing (worth 150 zorkmids),
       1 amulet of guarding (worth 150 zorkmids),
       1 amulet of flying (worth 150 zorkmids),
and 2 pieces of gold, after 33554 moves.
You were level 17 with a maximum of 164 hit points when you ascended.

